 Dungeon Crawl Stone Soup version 0.20-a0-1127-g1289703 (webtiles) character file.

71449 Manul the Brawler (level 14, -10/130 HPs)
             Began as a Troll Monk on May 18, 2017.
             Killed by divine providence
             ... invoked by an orc high priest
              (15 damage)
             ... on level 2 of the Orcish Mines.
             The game lasted 00:40:25 (23594 turns).

Manul the Brawler (Troll Monk)                     Turns: 23594, Time: 00:40:25

Health: -10/130    AC:  9    Str: 29    XL:     14   Next: 97%
Magic:  15/15      EV: 16    Int:  6    God:
Gold:   2213       SH: 14    Dex: 18    Spells: 13/13 levels left

rFire    + + .     SeeInvis .     - Unarmed
rCold    . . .     Gourm    +   p - +1 shield
rNeg     . . .     Faith    .   h - +0 troll leather armour
rPois    .         Spirit   .   (helmet restricted)
rElec    +         Reflect  .   W - scarf {rC+ rF+}
rCorr    .         Harm     .   (gloves unavailable)
MR       +....                  (boots unavailable)
Stlth    +++.......             I - amulet of rage
Regen    1.2/turn               l - ring of Bamuaw {Fire rElec Str+3 Stlth+}
MPRegen  0.2/turn               F - +4 ring of dexterity

@: drained
A: unfitting armour, beak, claws 3, thin skeletal structure 1, yellow scales 1,
fast metabolism 3, gourmand, regeneration 1, shaggy fur 1, tough skin 2, subdued
magic 1
a: Evoke Berserk Rage


You were on level 2 of the Orcish Mines.
You were full.

You visited 5 branches of the dungeon, and saw 24 of its levels.
You also visited: Labyrinth.

You collected 2213 gold pieces.

Inventory:

Missiles
 k - 4 tomahawks of returning (quivered)
 E - 2 throwing nets
Armour
 g - a +0 large shield of positive energy
 h - a +0 troll leather armour (worn)
 p - a +1 shield (worn)
 W - a scarf of resistance (worn)
Jewellery
 j - an uncursed ring of flight
 l - the ring of Bamuaw (left claw) {Fire rElec Str+3 Stlth+}
   (You found it in a labyrinth)

   [ring of fire]

   It enhances your fire magic.
   It affects your strength (+3).
   It protects you from fire.
   It makes you vulnerable to cold.
   It insulates you from electricity.
   It makes you more stealthy.
 A - an uncursed amulet of the gourmand {unknown}
 F - a +4 ring of dexterity (right claw)
 I - an amulet of rage (around neck)
 Y - a +2 amulet of reflection
Wands
 o - a wand of iceblast (9/15)
 s - a wand of paralysis (12/24)
 u - a wand of confusion (14/48)
 v - a wand of lightning (5/15)
 w - a wand of digging (13/24)
 C - a wand of paralysis (3/24)
 M - a wand of iceblast (4/15)
 N - a wand of lightning (7/15)
Scrolls
 a - a scroll of fear {unknown}
 e - 3 scrolls of teleportation
 f - 4 scrolls of fog {unknown}
 r - a scroll of random uselessness {unknown}
 t - 4 scrolls of recharging
 y - 3 scrolls of remove curse
 z - a scroll of magic mapping
 D - a scroll of holy word
 H - a scroll of brand weapon
 T - 2 scrolls of enchant armour
 Z - 3 scrolls of identify
Potions
 m - 3 potions of ambrosia
 n - a potion of magic {unknown}
 q - 6 potions of flight
 x - a potion of cancellation
 K - 2 potions of resistance
 L - 2 potions of curing
 S - a potion of brilliance
 U - 4 potions of agility
Miscellaneous
 G - a box of beasts
 J - a sack of spiders
 R - a phantom mirror
Comestibles
 b - 19 bread rations
 d - 16 meat rations
 i - 6 royal jellies
 B - 22 fruits


   Skills:
 + Level 6.0 Fighting
 - Level 3.9 Armour
 + Level 9.3 Dodging
 - Level 1.0 Stealth
 * Level 11.3 Shields
 + Level 17.9 Unarmed Combat
 - Level 2.8 Evocations


You had 13 spell levels left.
You didn't know any spells.

Dungeon Overview and Level Annotations

Branches:
Dungeon (15/15)            Temple (1/1) D:4            Lair (5/6) D:10
  Swamp (0/4) Lair:4        Snake (0/4) Lair:2        Slime (1/5) Lair:5
    Orc (2/2) D:11            Elf (0/3) Orc:2        Vaults (0/5) D:14
 Depths (0/5) D:15

Altars:
Ashenzari
Cheibriados
Dithmenos
Elyvilon
Fedhas
Gozag
Hepliaklqana
Kikubaaqudgha
Makhleb
Nemelex Xobeh
Okawaru
Qazlal
Ru
Sif Muna
Trog
Uskayaw
Vehumet
Wu Jian
Xom
Yredelemnul
Zin
The Shining One
Beogh

Shops:
D:7 [   D:8 [   D:11 [

Annotations:
D:6 Manul's ghost, novice TrMo
D:14 exclusion: Roxanne, Roxanne
Lair:2 exclusion: 4 oklob plants


Innate Abilities, Weirdness & Mutations

You are too large for most types of armour.
You have claws for hands.
Your metabolism is lightning-fast.
You like to eat raw meat.
Your natural rate of healing is unusually fast.
You are covered in fur. (AC +1)
You have very tough skin. (AC +2)
You have a beak for a mouth.
You have a somewhat thin skeletal structure. (Dex +2, Stealth)
You are partially covered in yellow scales. (AC +2)
Your spells are a little easier to cast, but a little less powerful.


Message History

The orc priest calls down the wrath of Beogh upon you.
Pain shoots through your body!
* * * LOW HITPOINT WARNING * * *
You block the orc's attack. The orc priest closely misses you.
Items here: $ ))))))))) [[[[[[[[[[ ††††††† You barely miss the orc priest.
The orc priest hits you with a club.
* * * LOW HITPOINT WARNING * * *
You block the orc's attack.
The orc priest calls down the wrath of Beogh upon you.
Beogh smites you!
* * * LOW HITPOINT WARNING * * *
You closely miss the orc priest. You peck the orc priest!
The orc priest is severely wounded.
The orc priest calls down the wrath of Beogh upon you.
Pain shoots through your body!
* * * LOW HITPOINT WARNING * * *
The orc closely misses you.
The orc high priest mumbles some strange prayers to Beogh against you.
Beogh smites you!
You die...

#.....o.............
##..................
##...####..#.....#..
##....# ####.....#
#.....# o.. ##...)##
.. ###.).## ...
##...# . ....
##@######... ...T.#
#ooo).8..... ...oo.
##..)....... ..o...
##......... _o....
#......o.. ......
#...8..... ......
..#####... .....#
.... .. ..... #.## .
...#


You could see an orc high priest, 2 orc priests and an orc.

Vanquished Creatures
  Rupert (D:14)
  Frances (D:12)
  Nessos (D:13)
  Snorg (Lair:3)
  A minotaur (Lab)
  A fire dragon (D:13)
  A rakshasa (D:11)
  4 hydras
  A yaktaur captain (D:15)
  An ice dragon (Lair:2)
  5 centaur warriors
  A death knight (D:11)
  2 two-headed ogres
  Urug (D:14)
  An orc high priest (Orc:2)
  A hell knight (D:11)
  An unseen horror (D:14)
  2 flayed ghosts (D:11)
  A deep troll (D:11)
  4 orc knights
  Pikel (D:6)
  7 ugly things
  4 orc sorcerers
  An oklob plant (D:10)
  3 cyclopes
  4 manticores
  An elephant (Lair:3)
  3 black mambas
  Joseph (Lair:1)
  A spiny frog (shapeshifter) (D:11)
  A torpor snail (Lair:3)
  A gargoyle (D:10)
  3 spiny frogs
  4 kobold demonologists
  A yaktaur (D:15)
  A rime drake (Lair:3)
  A yaktaur (shapeshifter) (D:15)
  6 komodo dragons
  5 trolls
  A hornet (D:12)
  2 polar bears (Lair:2)
  The ghost of sour the Chopper, an amateur BaFi (D:5)
  22 blink frogs
  8 hippogriffs
  6 slime creatures
  A minotaur skeleton (Lab)
  A vampire (D:13)
  4 wraiths
  A shadow (D:15)
  7 wyverns
  A fire bat (shapeshifter) (D:15)
  29 yaks
  2 basilisks
  16 humans (D:14)
  The ghost of sour the Chopper, an amateur BaFi (D:4)
  5 hungry ghosts
  A vampire mosquito (D:14)
  2 nagas (Lair:2)
  2 wargs (Orc:1)
  2 soldier ants
  3 floating eyes (D:10)
  6 porcupines
  7 water moccasins
  36 orc warriors
  8 ice beasts
  6 sky beasts
  A hornet zombie (D:15)
  2 slaves (D:6)
  4 necrophages
  A phantom (D:11)
  12 centaurs
  7 ogres
  9 wolves (Lair:5)
  3 crocodiles
  Blork the orc (Orc:2)
  14 bullfrogs
  A wyvern zombie (D:11)
  A wyvern skeleton (D:13)
  7 scorpions
  9 killer bees
  12 wights
  7 howler monkeys
  A centaur zombie (D:8)
  A quasit (D:8)
  5 jellies
  6 crimson imps
  A bullfrog skeleton (D:11)
  A bullfrog zombie (D:11)
  A centaur skeleton (D:7)
  4 hounds
  30 orc priests
  39 orc wizards
  Natasha (D:1)
  7 iguanas
  13 worker ants
  A hound zombie (D:5)
  3 worker ant zombies
  Robin (D:2)
  A gnoll (D:5)
  A howler monkey skeleton (D:8)
  13 adders
  4 shadow imps
  4 white imps
  An ooze (D:1)
  2 adder skeletons
  A worm (D:2)
  9 leopard geckos
  148 orcs
  3 giant cockroaches
  4 hobgoblins
  3 jackals
  5 quokkas
  5 ball pythons
  6 bats
  5 frilled lizards
  10 goblins
  11 kobolds
  A quokka skeleton (D:8)
  7 rats
  A plant (D:10)
713 creatures vanquished.

Vanquished Creatures (collateral kills)
  A hydra (Lair:1)
1 creature vanquished.

Vanquished Creatures (others)
  2 crocodiles (Lair:4)
  An orc wizard (Orc:1)
  An orc (Orc:2)
  5 fungi
  4 plants
13 creatures vanquished.

Grand Total: 727 creatures vanquished

Notes
Turn   | Place    | Note
-------+----------+-------------------------------------------
     0 | D:1      | Manul the Troll Monk began the quest for the Orb.
     0 | D:1      | Reached XP level 1. HP: 22/22 MP: 0/0
   162 | D:1      | Reached XP level 2. HP: 23/29 MP: 1/1
   618 | D:2      | Noticed Robin
   632 | D:2      | Reached XP level 3. HP: 25/36 MP: 2/2
   932 | D:2      | Killed Robin
   932 | D:2      | Reached skill level 4 in Unarmed Combat
   932 | D:2      | Reached XP level 4. HP: 42/45 MP: 3/3
  1557 | D:2      | Noticed Natasha
  1586 | D:1      | Killed Natasha
  1948 | D:3      | Reached XP level 5. HP: 52/53 MP: 4/4
  2407 | D:3      | Reached skill level 1 in Shields
  2849 | D:3      | Found a glowing silver altar of Zin.
  2850 | D:3      | Noticed an angel
  3175 | D:4      | Noticed sour's ghost (amateur BaFi)
  3186 | D:4      | Found a staircase to the Ecumenical Temple.
  3195 | Temple   | Entered the Ecumenical Temple
  3235 | D:4      | Killed sour's ghost
  3235 | D:4      | Reached skill level 5 in Unarmed Combat
  3235 | D:4      | Reached XP level 6. HP: 24/61 MP: 5/5
  3464 | D:4      | Found a shimmering altar of Xom.
  3911 | D:4      | Found a snail-covered altar of Cheibriados.
  4065 | D:4      | Found a glowing golden altar of the Shining One.
  4102 | D:5      | Entered Level 5 of the Dungeon
  4212 | D:5      | Reached skill level 6 in Unarmed Combat
  4369 | D:5      | Reached XP level 7. HP: 43/67 MP: 6/6
  4382 | D:5      | Found an opulent altar of Gozag.
  4627 | D:5      | Noticed sour's ghost (amateur BaFi)
  4639 | D:5      | Killed sour's ghost
  4642 | D:5      | Reached skill level 7 in Unarmed Combat
  4791 | D:5      | Found an ornate altar of the Wu Jian Council.
  4872 | D:5      | Found a radiant altar of Vehumet.
  4872 | D:5      | Found an opulent altar of Gozag.
  4872 | D:5      | Found a hazy altar of Hepliaklqana.
  4964 | D:6      | Reached XP level 8. HP: 67/75 MP: 7/7
  4969 | D:6      | Noticed Manul's ghost (novice TrMo)
  5244 | D:6      | Found a shattered altar of Ashenzari.
  5465 | D:6      | Reached skill level 8 in Unarmed Combat
  5680 | D:6      | Noticed Pikel
  5694 | D:6      | Killed Pikel
  5694 | D:6      | Reached skill level 9 in Unarmed Combat
  5869 | D:7      | Reached skill level 5 in Dodging
  5869 | D:7      | Reached XP level 9. HP: 80/84 MP: 8/8
  6087 | D:7      | Gained mutation: Armour fits poorly on your strangely shaped body. [mutagenic meat]
  6088 | D:7      | Gained mutation: You are somewhat resistant to further mutation. [mutagenic meat]
  6089 | D:7      | Gained mutation: You are partially covered in icy blue scales. (AC +2) [mutagenic meat]
  6112 | D:7      | Found Etiyb's Antique Armour Shoppe.
  6124 | D:7      | Reached skill level 10 in Unarmed Combat
  7332 | D:8      | Reached skill level 11 in Unarmed Combat
  7450 | D:8      | Gained mutation: You are frail. (-10% HP) [mutagenic meat]
  7732 | D:8      | Found Qergh's Armour Shoppe.
  7857 | D:8      | Reached XP level 10. HP: 72/83 MP: 9/9
  7885 | D:8      | Found an iron altar of Okawaru.
  8326 | D:9      | Got an iridescent falchion
  8612 | D:9      | Reached skill level 1 in Evocations
  8725 | D:9      | Reached skill level 12 in Unarmed Combat
  8996 | D:10     | Entered Level 10 of the Dungeon
  9296 | D:10     | Found a staircase to the Lair.
  9296 | D:10     | Noticed an oklob plant
  9699 | D:11     | Noticed a manticore
  9712 | D:11     | Killed a manticore
  9840 | D:11     | Noticed a manticore
  9852 | D:11     | Killed a manticore
  9951 | D:11     | Found a staircase to the Orcish Mines.
 10036 | D:11     | Noticed a two-headed ogre
 10344 | D:10     | Reached XP level 11. HP: 90/90 MP: 12/12
 10442 | D:10     | Reached skill level 5 in Shields
 10882 | D:10     | Paralysed by a floating eye for 4 turns
 10889 | D:10     | Reached skill level 1 in Armour
 10893 | D:10     | Reached skill level 13 in Unarmed Combat
 11210 | D:10     | Killed an oklob plant
 11277 | Lair:1   | Entered Level 1 of the Lair of Beasts
 11658 | Lair:1   | Reached skill level 5 in Fighting
 11876 | Lair:1   | Noticed Joseph
 11888 | Lair:1   | Killed Joseph
 12640 | Lair:2   | Noticed an ice dragon
 12654 | Lair:2   | Found a staircase to the Snake Pit.
 12657 | Lair:2   | Found a labyrinth entrance.
 12670 | Lab      | Entered a labyrinth
 12988 | Lab      | Noticed a minotaur
 13002 | Lab      | Killed a minotaur
 13007 | Lab      | Got a coiled pewter ring
 13009 | Lab      | Identified the ring of Bamuaw {Fire rElec Str+3 Stlth+} (You found it in a labyrinth)
 13076 | Lair:2   | Noticed an oklob plant
 13076 | Lair:2   | Noticed an oklob plant
 13076 | Lair:2   | Noticed an oklob plant
 13076 | Lair:2   | Noticed an oklob plant
 13076 | Lair:2   | Noticed an eight-headed hydra
 13166 | Lair:3   | Lost mutation: You are frail. (-10% HP) [potion of mutation]
 13166 | Lair:3   | Lost mutation: Armour fits poorly on your strangely shaped body. [potion of mutation]
 13166 | Lair:3   | Lost mutation: You are somewhat resistant to further mutation. [potion of mutation]
 13166 | Lair:3   | Gained mutation: Your spells are a little easier to cast, but a little less powerful. [potion of mutation]
 13166 | Lair:3   | Gained mutation: You have a pair of small horns on your head. [potion of mutation]
 13167 | Lair:3   | Lost mutation: Your spells are a little easier to cast, but a little less powerful. [potion of mutation]
 13167 | Lair:3   | Lost mutation: You are partially covered in icy blue scales. (AC +2) [potion of mutation]
 13167 | Lair:3   | Lost mutation: You have a pair of small horns on your head. [potion of mutation]
 13167 | Lair:3   | Gained mutation: You have a somewhat thin skeletal structure. (Dex +2, Stealth) [potion of mutation]
 13167 | Lair:3   | Gained mutation: You passively map a small area around you. [potion of mutation]
 13167 | Lair:3   | Gained mutation: You have a moderately thin skeletal structure. (Dex +4, Stealth+) [potion of mutation]
 13178 | Lair:3   | Reached skill level 14 in Unarmed Combat
 13188 | Lair:3   | Identified a scroll of acquirement
 13217 | Lair:3   | Noticed Snorg
 13227 | Lair:3   | Killed Snorg
 13227 | Lair:3   | Reached XP level 12. HP: 111/111 MP: 13/13
 14655 | Lair:4   | Found a staircase to the Swamp.
 15069 | Lair:4   | Noticed a six-headed hydra
 15086 | Lair:4   | Noticed an eight-headed hydra
 15413 | Lair:5   | Reached skill level 15 in Unarmed Combat
 15582 | Lair:5   | Lost mutation: You have a moderately thin skeletal structure. (Dex +4, Stealth+) [potion of mutation]
 15582 | Lair:5   | Lost mutation: You passively map a small area around you. [potion of mutation]
 15582 | Lair:5   | Gained mutation: Your spells are a little easier to cast, but a little less powerful. [potion of mutation]
 15582 | Lair:5   | Gained mutation: You have a beak for a mouth. [potion of mutation]
 15582 | Lair:5   | Gained mutation: You are partially covered in yellow scales. (AC +2) [potion of mutation]
 15794 | Lair:5   | Found a staircase to the Slime Pits.
 16052 | Slime:1  | Entered Level 1 of the Pits of Slime
 16052 | Slime:1  | Noticed an acid blob
 16136 | Lair:2   | Killed an ice dragon
 16285 | Lair:2   | Reached XP level 13. HP: 112/120 MP: 14/14
 16980 | D:11     | Found Ewkog's Antique Armour Shoppe.
 17773 | D:11     | Reached skill level 16 in Unarmed Combat
 18203 | D:12     | Noticed Frances
 18289 | D:12     | Killed Frances
 18974 | D:13     | Noticed a fire dragon
 18985 | D:13     | Killed a fire dragon
 19579 | D:13     | Noticed Nessos
 19588 | D:13     | Killed Nessos
 19588 | D:13     | Reached XP level 14. HP: 102/128 MP: 15/15
 19890 | D:14     | Found a shadowy altar of Dithmenos.
 19905 | D:14     | Reached skill level 10 in Shields
 20036 | D:14     | Noticed Urug
 20078 | D:14     | Killed Urug
 20095 | D:14     | Reached skill level 17 in Unarmed Combat
 20193 | D:14     | Noticed Rupert
 20213 | D:14     | Killed Rupert
 20256 | D:14     | Found a gate to the Vaults.
 20369 | D:14     | Noticed Roxanne
 20908 | D:15     | Entered Level 15 of the Dungeon
 21174 | D:15     | Found a staircase to the Depths.
 22080 | Orc:1    | Entered Level 1 of the Orcish Mines
 22306 | Orc:2    | Entered Level 2 of the Orcish Mines
 22340 | Orc:2    | Noticed Blork the orc
 22349 | Orc:2    | Killed Blork the orc
 22530 | Orc:2    | Found a staircase to the Elven Halls.
 23242 | Orc:2    | Noticed an orc warlord
 23243 | Orc:2    | Found a roughly hewn altar of Beogh.
 23279 | Orc:2    | HP: 5/130 [orc priest/divine providence (10)]
 23594 | Orc:2    | HP: 5/130 [orc priest/nerve-wracking pain[an orc warlord] (3)]
 23594 | Orc:2    | Killed from afar by an orc high priest

Vault maps used:
D:1:      onia_arrival_pentagram
D:2:      wad_lake_hut, first_bread, minmay_pentomino_r4, uniq_robin,
          uniq_natasha
D:3:      zin_angel
D:4:      lemuel_coloured_pillars_altar, lemuel_crystal_altar,
          nicolae_overflow_crystal_walls, minmay_temple_entry_butterflies,
          solitary_fountain
D:5:      gammafunk_temple_overflow_claw, marbit_many_paths,
          nicolae_gozag_cash_rules_everything_around_me
D:6:      nicolae_ashenzari_panopticon, uniq_pikel
D:7:      serial_shops, shop
D:8:      lemuel_round_altar, serial_shops, nicolae_shop_stone, grunt_ogre_cave
D:10:     dpeg_oklobed_lair, onia_ninara_cookie
D:11:     minmay_tile_spiral, hiddenorc2_lemuel, serial_shops,
          kennysheep_mini_moat
D:12:     uniq_frances
D:13:     uniq_nessos
D:14:     david_vaults_3, nicolae_dithmenos_shadow_blocks, uniq_roxanne
D:15:     grunt_enter_depths_snipers
Temple:   nicolae_temple_no_exploring_needed
Lair:1:   uniq_joseph
Lair:2:   guppyfry_snake_entry_island, lab_entry_generic, ice2_lemuel,
          minmay_lair_oklob_chamber
Lair:3:   hangedman_lair_generics_rect, lemuel_fruit_tree, serial_bayou_shore_a,
          uniq_snorg
Lair:4:   minmay_swamp_entry_reptiles, infiniplex_staircase_pool
Lair:5:   dpeg_slime_entry_corner
Orc:1:    portal_ice_cave_entry_animals_and_master
Orc:2:    grunt_orc_cross
Lab:      labyrinth_hidden_loot, lab_hedge

Skill      XL: |  1  2  3  4  5  6  7  8  9 10 11 12 13 14 |
---------------+-------------------------------------------+-----
Fighting       | 3 4 5 6 |  6.0
Unarmed Combat | 4 5 6 7 9 11 12 14 15 16 17 | 17.9
Dodging        | 3 4 5 6 7 8 9 |  9.3
Shields        | 1 2 3 4 5 8 9 11 | 11.3
Evocations     | 2 |  2.8
Armour         | 3 |  3.9
Stealth        | |  1.0

Action                   |  1- 3 |  4- 6 |  7- 9 | 10-12 | 13-15 || total
-------------------------+-------+-------+-------+-------+-------++-------
Melee: Unarmed           |    74 |   184 |   288 |   704 |   987 ||  2237
       Punch             |     1 |       |       |       |       ||     1
       Peck              |       |       |       |    11 |   279 ||   290
 Abil: Evoke Berserk Rag |       |       |       |     4 |     5 ||     9
Evoke: Wand              |       |       |       |     3 |    25 ||    28
       Box of beasts     |       |       |       |     2 |       ||     2
       Phantom mirror    |       |       |       |       |     1 ||     1
  Use: Scroll            |       |     6 |     4 |    16 |    12 ||    38
       Potion            |       |       |       |     9 |     7 ||    16
 Stab: Sleeping          |     5 |     9 |     7 |    13 |    14 ||    48
       Distracted        |       |       |     1 |     1 |     6 ||     8
       Paralysed         |       |       |       |       |     7 ||     7
       Confused          |       |       |       |       |     2 ||     2
  Eat: Chunk             |    13 |    33 |    47 |    99 |    70 ||   262
Armor: Robe              |    24 |    57 |    43 |    34 |       ||   158
       Troll leather arm |       |       |       |    83 |   164 ||   247
       Skin              |       |       |       |     8 |       ||     8
Dodge: Dodged            |    34 |    98 |    77 |   231 |   369 ||   809
       Deflected         |       |       |       |     5 |       ||     5
Block: Shield            |       |    65 |   102 |   318 |   601 ||  1086
